AoeStats
← umut.hsn

Nomad

510058636Analyzed
4v4 RM · 3d ago on Sep 29, 2026· 45m 7s· 8 players
Game mode
Random Map
Map size
231×231
Population
200
Speed
Normal
Resources
Standard
Victory
Conquest
Starting age
Dark Age
Ending age
Imperial Age
RankedLock teamsTeams togetherTeam positionsShared explorationLock speedFull tech treeHidden civsTurbo modeCheats
Victory
Defeat
🇨🇳 Mongols · China
768
+12
🇨🇳 Franks · China
706
+14
🇺🇾 Persians · Uruguay
696
+15
🇻🇳 Britons · Vietnam
676
+16
🇹🇷 Saracens · Türkiye
746
-18
🇬🇷 Teutons · Greece
694
-15
🇬🇧 Franks · United Kingdom
652
-13
🇰🇿 Malay · Kazakhstan
593
-11
umut.hsn
12:18 Loom
15:12 Feudal Age
20:05 Castle Age
19:10 Scale Barding Armor
19:21 Fishing Lines
24:14 Husbandry
24:24 Bloodlines
cassadorr
18:28 Feudal Age
22:07 Loom
24:29 Castle Age
Elentin
17:07 Feudal Age
21:21 Castle Age
26:50 Double-Bit Axe
26:48 Horse Collar
29:19 Bow Saw
29:11 Heavy Plow
29:16 Gold Mining
29:20 Stone Mining
athmaniac
6:49 Loom
16:26 Feudal Age
17:21 Fishing Lines
22:42 Stone Mining
23:10 Fletching
26:53 Gold Mining
Orcowo Neckcrusher
6:04 Loom
16:57 Feudal Age
18:45 Wheelbarrow
18:08 Horse Collar
22:58 Double-Bit Axe
29:00 Gold Mining
29:04 Stone Mining
33:59 Castle Age
32:32 Town Watch
35:25 Hand Cart
37:40 Town Patrol
38:39 Gold Shaft Mining
38:40 Stone Shaft Mining
38:18 Bow Saw
38:09 Heavy Plow
42:35 Imperial Age
40:22 Fletching
40:32 Padded Archer Armor
40:38 Scale Barding Armor
43:08 Elite War Elephant
44:00 Kamandaran
44:20 Leather Archer Armor
44:00 Bodkin Arrow
44:16 Bodkin Arrow
45:44 Crop Rotation
duchuy2442
13:33 Feudal Age
31:39 Castle Age
34:59 Fletching
34:33 Crossbowman
35:37 Bodkin Arrow
715113342
3:48 Loom
15:47 Feudal Age
19:51 Castle Age
26:04 Double-Bit Axe
26:15 Stone Mining
26:15 Gold Mining
26:01 Pikeman
26:41 Squires
28:33 Husbandry
37:00 Bow Saw
40:41 Imperial Age
41:34 Cavalier
43:03 Gold Shaft Mining
43:36 Paladin
43:48 Paladin
44:02 Paladin
44:40 Spies/Treason
OTZ==3
3:49 Loom
15:36 Feudal Age
21:17 Castle Age
19:24 Stone Mining
21:13 Fletching
24:13 Murder Holes
24:41 Bodkin Arrow
26:58 Wheelbarrow
33:30 Gold Mining
34:29 Horse Collar
35:23 Forging
36:43 Iron Casting
37:31 Ballistics
41:30 Imperial Age
39:07 Scale Barding Armor
42:13 Gold Shaft Mining
42:01 Chain Barding Armor
42:47 Double-Bit Axe
44:40 Blast Furnace
43:41 Capped Ram
44:50 Bracer
45:49 Bow Saw
Connection lost

Rejoining the realm…

Still unreachable

The connection could not be restored.

Session expired

The server has moved on; the page needs a fresh start.